 Dungeon Crawl Stone Soup version 0.29.1-2-gbd0b4ee654 (webtiles) character file.

Game seed: 12866782242517263356

7 croobank the Caller (level 1, 0/14 HPs)
             Began as a Demonspawn Summoner on Nov 11, 2022.
             Slain by a kobold
             ... wielding a +0 dagger
              (4 damage)
             ... on level 1 of the Dungeon.
             The game lasted 00:02:16 (392 turns).

croobank the Caller (Demonspawn Summoner)            Turns: 392, Time: 00:02:17

Health: 0/14       AC:  2    Str:  8    XL:     1   Next: 83%
Magic:  0/3        EV: 12    Int: 16    God:
Gold:   16         SH:  0    Dex: 13    Spells: 3/4 levels left

rFire   . . .      SeeInvis .   d - +0 hand axe
rCold   . . .      Faith    .   (no shield)
rNeg    . . .      Spirit   .   a - +0 robe
rPois   .          Reflect  .   (no helmet)
rElec   .          Harm     .   (no cloak)
rCorr   .          Rampage  .   (no gloves)
Will    .....                   (no boots)
Stlth   ++........              (no amulet)
HPRegen 0.04/turn               (no ring)
MPRegen 0.08/turn               (no ring)

@: no status effects
A: no striking features
a: no special abilities


You were on level 1 of the Dungeon.
You visited 1 branch of the dungeon, and saw 1 of its levels.

You collected 16 gold pieces.

Inventory:

Hand Weapons
 b - a +0 sling
 d - a +0 hand axe (weapon)
Armour
 a - a +0 robe (worn)
Potions
 c - 2 potions of magic


   Skills:
 + Level 0.4 Fighting
 + Level 1.9 Dodging
 + Level 1.9 Stealth
 + Level 2.1 Spellcasting
 + Level 4.0 Summonings


You had 3 spell levels left.
You knew the following spells:

 Your Spells              Type           Power      Damage    Failure   Level
a - Summon Small Mammal   Summ           56%        N/A       3%          1

Your spell library contained the following spells:

 Spells                   Type           Power      Damage    Failure   Level
 Call Imp                 Summ           14%        N/A       6%          2
 Call Canine Familiar     Summ           14%        N/A       12%         3
 Summon Guardian Golem    Hex/Summ       8%         N/A       26%         3
 Sublimation of Blood     Necr           1%         N/A       30%         2
 Summon Lightning Spire   Summ/Air       8%         N/A       65%         4
 Petrify                  Tmut/Erth      1%         N/A       90%         4
 Irradiate                Conj/Tmut      0%         3d11      99%         5


Dungeon Overview and Level Annotations

Branches:
Dungeon (1/15)

Altars:


Message History

Sorry, you're not good enough to have a special ability.
Okay, then.
Casting: Summon Small Mammal (safe; 3% risk of failure)
Confirm with . or Enter, or press ? or * to list all spells.
Your quokka closely misses the kobold.
The kobold barely misses you. The quokka bites your bat.
Your bat dies!
Your bat's corpse disappears in a puff of smoke!
Your quokka bites the kobold but does no damage.
Your quokka barely misses the quokka.
d - a +0 hand axe (weapon)
The kobold hits you with a +0 dagger.
You barely miss the kobold.
The kobold is moderately wounded.
The quokka misses something.
The kobold hits you but does no damage.
You hit the kobold.
The kobold is heavily wounded.
The quokka closely misses something.
The kobold hits you with a +0 dagger.
The quokka misses something.
You barely miss the kobold.
The kobold is heavily wounded.
The kobold closely misses you.
The quokka misses something.
The kobold hits you with a +0 dagger.
You miss the kobold.
The kobold is heavily wounded.
The quokka barely misses something.
The quokka closely misses something.
The kobold closely misses you.
You barely miss the kobold.
The kobold is heavily wounded.
The quokka barely misses something.
The kobold barely misses you.
The quokka bites something but does no damage.
Casting: Summon Small Mammal (safe; 3% risk of failure)
Confirm with . or Enter, or press ? or * to list all spells.
The kobold hits you with a +0 dagger.
* * * LOW HITPOINT WARNING * * *
The quokka bites something.
You closely miss the kobold.
The kobold is heavily wounded.
The kobold hits you with a +0 dagger.
You die...

#...... .>. . #...... ..#
...... ..# #...# #r# ####
+...# #.# #..
#####...#####.# #.######.
.......r.rr...#+#........
#######K##§..........####
#>..r@+......†....'...
#.##.##.......§...####
#.##.#######+#'####
#.##.#.......#.#
#..####.####.#.#######
#.#.........#.........
#)#..##.##..##.#######
#.#.#.#.#.#.##.#
#.#.##...##.##.#


You could see a quokka, a kobold (ally target) and a friendly rat (summoned).

Vanquished Creatures
  An endoplasm (D:1)
1 creature vanquished.

Vanquished Creatures (collateral kills)
  A ball python (D:1)
  A giant cockroach (D:1)
  2 hobgoblins (D:1)
4 creatures vanquished.

Grand Total: 5 creatures vanquished

Notes
Turn   | Place    | Note
-------+----------+-------------------------------------------
     0 | D:1      | croobank the Demonspawn Summoner began the quest for the
                  | Orb.
     0 | D:1      | Reached XP level 1. HP: 13/13 MP: 3/3
   392 | D:1      | Slain by a kobold

Illustrated notes

Levels and vault maps discovered:
D:1:      enne_arrival_octagon_isle, layout_basic, roderic_three_in_a_row,
          hangedman_feature_mirror, chequers_serial_rivers_large_a

Action                   || total
-------------------------++-------
Melee: Unarmed           ||     9
       Hand axe          ||     6
       Punch             ||     1
 Cast: Summon Small Mamm ||    13
 Stab: Distracted        ||     1
Armor: Robe              ||     4
Dodge: Dodged            ||     9
